 Dungeon Crawl Stone Soup version 0.32-a0-711-g016ad74 (webtiles) character file.

Game seed: 13982528050740442523

12 PidgeyThePirate the Shooter (level 2, -2/22 HPs)
             Began as a Coglin Hunter on Mar 15, 2024.
             Succumbed to an adder's poison
             ... on level 2 of the Dungeon.
             The game lasted 00:00:58 (610 turns).

PidgeyThePirate the Shooter (Coglin Hunter)          Turns: 610, Time: 00:00:58

Health: -2/22      AC:  3    Str: 11    XL:     2   Next: 33%
Magic:  2/2        EV: 11    Int:  8    God:
Gold:   34         SH:  0    Dex: 17    Spells: 1/1 levels left

rFire   . . .        a - +2 sling {Sachi}
rCold   . . .        d - +0 sling {Olaf}
rNeg    . . .        c - +0 leather armour
rPois   .            (helmet restricted)
rElec   .            (no cloak)
rCorr   .            (no gloves)
SInv    .            (no boots)
Will    .....        (amulet unavailable)
Stlth   ++           (ring unavailable)
HPRegen 0.23/turn    (ring unavailable)
MPRegen 0.08/turn    (no gizmo)

%: no passive effects
@: lethally poisoned (-2 -> -15), revving
A: off-hand wielding, slow wielding, warmup strikes, no jewellery, antennae 1,
inability to drink after injury 1
a: Invent Gizmo


You were on level 2 of the Dungeon.
You visited 1 branch of the dungeon, and saw 2 of its levels.

You collected 34 gold pieces.

Inventory:

Hand Weapons
 a - a +2 sling (weapon) {Sachi}
 d - a +0 sling (offhand) {Olaf}
Armour
 c - a +0 leather armour (worn)
Scrolls
 b - a scroll of butterflies
Potions
 f - a potion of brilliance {unknown}
 g - a potion of heal wounds {unknown}


   Skills:
 + Level 2.2 Fighting
 + Level 3.9 Ranged Weapons
 + Level 0.1 Armour
 + Level 1.9 Dodging
 + Level 0.7 Stealth


You had one spell level left.
You didn't know any spells.
Your spell library was empty.

Dungeon Overview and Level Annotations

Branches:
Dungeon (2/15)

Altars:


Innate Abilities, Weirdness & Mutations

You can wield a second weapon in your off-hand.
It takes a long time for you to wield or remove held weapons.
Your first few attacks do less damage.
You cannot equip rings or amulets.
You have a pair of small antennae on your head.
You occasionally lose the ability to drink potions when taking damage.


Message History

You climb downwards.
The adder hisses angrily.
Found a leather armour and 7 gold pieces.
Found a stone staircase leading down.
There is a stone staircase leading up here.
The rat squeaks loudly.
The quokka attacks as it pursues you! The quokka bites you.
You shoot a sling bullet. The sling bullet hits the quokka.
The quokka is severely wounded.
You shoot a sling bullet. The sling bullet misses the quokka.
The quokka bites you.
You shoot a sling bullet. The sling bullet hits the quokka.
You kill the quokka!
You shoot a sling bullet. The adder misses you.
You shoot a sling bullet.
The sling bullet barely misses the adder.
You shoot a sling bullet.
The sling bullet closely misses the adder.
The adder bites you.
You are poisoned.
The adder poisons you! The adder bites you.
You are lethally poisoned!
The adder poisons you!
You shoot a sling bullet.
The sling bullet closely misses the adder.
You shoot a sling bullet. The sling bullet hits the adder.
The adder is lightly wounded.
You feel very sick. The adder bites you.
* * * LOW HITPOINT WARNING * * *
You are more poisoned.
The adder poisons you! The rat bites you.
* * * LOW HITPOINT WARNING * * *
The adder bites you but does no damage. The rat bites you.
* * * LOW HITPOINT WARNING * * *
Okay, then.
It was a potion of mutation.
You feel extremely strange. A pair of antennae grows on your head!
You occasionally lose the ability to drink potions when taking damage.
You die...

# ##.######
........####
#.....@...#
......#Sr..#
##.## #<...#
#....w....#
#.........#
#.[.......#
###.....###
#.>.....
#....####


You could see an adder, a dart slug and a rat.

Vanquished Creatures
  2 bats (D:1)
  An endoplasm (D:1)
  A goblin (D:1)
  A hobgoblin (D:1)
  2 jackals (D:1)
  A quokka (D:2)
  A frilled lizard (D:1)
  A rat (D:1)
10 creatures vanquished.

Notes
Turn   | Place    | Note
-------+----------+-------------------------------------------
     0 | D:1      | PidgeyThePirate the Coglin Hunter began the quest for the
                  | Orb.
     0 | D:1      | Reached XP level 1. HP: 16/16 MP: 1/1
   399 | D:1      | Reached XP level 2. HP: 22/22 MP: 2/2
   609 | D:2      | HP: 1/22 [rat (1)]
   610 | D:2      | Gained mutation: You have a pair of small antennae on your
                  | head. [potion of mutation]
   610 | D:2      | Gained mutation: You occasionally lose the ability to drink
                  | potions when taking damage. [potion of mutation]
   610 | D:2      | Succumbed to an adder's poison

Illustrated notes

Levels and vault maps discovered:
D:1:      orjb1_lava_funnel, layout_basic, serial_bayou_crossing
D:2:      layout_loops_ring, chequers_ecumenical_altar_island

Action                     || total
---------------------------++-------
   Fire: Sling             ||    40
    Use: Scroll            ||     1
         Potion            ||     1
 Armour: Leather armour    ||    13
  Dodge: Dodged            ||    14

Table legend: (Time is in decaauts)
 A = Elapsed time spent in this place.
 B = Non-inter-level travel time spent in this place.
 C = Inter-level travel time spent in this place.
 D = Time resting spent in this place.
 E = Time spent auto-exploring this place.
 F = Levels seen in this place.
 G = Mean time per level.
                   A        B        C        D        E       F      G
               +--------+--------+--------+--------+--------+-----+--------+
         Total |    626 |    590 |     36 |      0 |    502 |   2 |  313.0 |
       Dungeon |    626 |    590 |     36 |      0 |    502 |   2 |  313.0 |
               +--------+--------+--------+--------+--------+-----+--------+

Top non-repeatable levels by time:
     D:1: 618 daAuts
     D:2: 7 daAuts
